 Dungeon Crawl Stone Soup version 0.16-a0-3940-gf8a207b (webtiles) character file.

20241 abixa the Fighter (level 13, -5/106 HPs)
             Began as a Human Gladiator on Feb 7, 2015.
             Was a Priest of Ashenzari.
             Slain by Snorg (8 damage)
             ... on level 3 of the Orcish Mines.
             The game lasted 01:36:42 (20543 turns).

abixa the Fighter (Human Gladiator)                Turns: 20543, Time: 01:36:42

Health: -5/106     AC: 18    Str: 17    XL:     13   Next: 10%
Magic:  13/13      EV: 28    Int: 10    God:    Ashenzari [***...]
Gold:   1051       SH:  0    Dex: 21    Spells: 0 memorised, 12 levels left

rFire  + . .     SeeInvis +     a - +3 quarterstaff (chaos) (curse)
rCold  . . .     Clarity  +     r - +2 ring mail {rF+} (curse)
rNeg   . . .     SustAb   .     (no shield)
rPois  .         Gourm    +     c - +0 helmet (curse)
rElec  .         Spirit   .     q - +2 cloak {MR+} (curse)
rCorr  .         Warding  .     i - +0 pair of gloves (curse)
rMut   .         Stasis   .     L - +0 pair of boots (curse)
MR     +....                    k - amulet of the gourmand (curse)
Stlth  ++........               (no ring)
                                (no ring)

@: agile, somewhat resistant to hostile enchantments, unstealthy
A: no striking features
a: Renounce Religion


You were on level 3 of the Orcish Mines.
You worshipped Ashenzari.
Ashenzari was most pleased with you.
You were very full.

You visited 4 branches of the dungeon, and saw 17 of its levels.
You also visited: Volcano.

You collected 1443 gold pieces.
You spent 392 gold pieces at shops.

Inventory:

Hand weapons
 a - a cursed +3 quarterstaff of chaos (weapon)
Missiles
 g - 3 tomahawks of dispersal (quivered)
Armour
 c - a cursed +0 helmet (worn)
 i - a cursed +0 pair of gloves (worn)
 p - a +3 scale mail of fire resistance
 q - a cursed +2 cloak of magic resistance (worn)
 r - a cursed +2 ring mail of fire resistance (worn)
 L - a cursed +0 pair of boots (worn)
 R - a +2 ring mail of cold resistance
Jewellery
 h - an uncursed ring of ice
 k - a cursed amulet of the gourmand (around neck)
Magical devices
 m - a wand of fire (2)
 n - a wand of lightning (10)
 w - a wand of confusion (18)
 Q - a wand of confusion (24)
 S - a wand of confusion (0)
 T - a wand of random effects (17)
Scrolls
 d - a scroll of remove curse
 o - a scroll of curse armour
 A - 2 scrolls of fog
 I - 2 scrolls of teleportation
Potions
 b - a potion of might
 e - a potion of resistance {unknown}
 l - 3 potions of lignification
 x - a potion of haste
 z - 2 potions of agility
Miscellaneous
 f - a plain deck of defence
Comestibles
 j - 4 fruits


   Skills:
 + Level 11.4 Fighting
 - Level 9.0(12.6) Staves
 - Level 2.0 Throwing
 + Level 11.1(13.7) Armour
 + Level 11.0(13.6) Dodging


You had 12 spell levels left.
You didn't know any spells.

Dungeon Overview and Level Annotations

Branches:
Dungeon (10/15)            Temple (1/1) D:7            Lair (3/8) D:9
    Orc (3/4) D:10            Elf (0/3) Orc:3
  Swamp: Lair:3-6    Shoals: Lair:3-6     Snake: Lair:3-6    Spider: Lair:3-6

Altars:
Ashenzari
Cheibriados
Dithmenos
Elyvilon
Fedhas
Gozag
Kikubaaqudgha
Makhleb
Nemelex Xobeh
Okawaru
Qazlal
Ru
Sif Muna
Trog
Vehumet
Xom
Yredelemnul
Zin
The Shining One
Beogh

Shops:
Orc:1 **   Orc:3 ?*[

Annotations:
D:5 Prince Ribbit
D:8 exclusions: obsidian statue and oklob sapling
Orc:3 Snorg


Message History

Drink which item? (? for menu, Esc to quit)
You feel agile all of a sudden.
You sock Snorg!
Snorg seems to slow down.
Snorg is severely wounded.
Snorg completely misses you. Snorg claws you but does no damage.
Snorg claws you.
* * * LOW HITPOINT WARNING * * *
You barely miss Snorg.
Snorg is severely wounded.
You closely miss Snorg.
Snorg is severely wounded.
You closely miss Snorg.
Snorg is severely wounded.
Snorg completely misses you. Snorg misses you. Snorg completely misses you.
You thump Snorg!
You heal Snorg.
Snorg is heavily wounded. x2
You hit Snorg.
Snorg is heavily wounded.
Snorg barely misses you. Snorg closely misses you. Snorg claws you!
You die...

.......#.#......#..##
....................#
.......)........#..##
..)...........######
.............##
#..#.........##
#.............#
.............## ###
......#.......###@##
...#...#..))...#.T.#
..##..#...))...##.##
.##,..##.###......##
## *.#### *###.....#
# * #.#.##.T...##
(........###
*#.#.##.### # ##


You could see Snorg.

Vanquished Creatures
  Harold (Lair:2)
  A death yak (Lair:2)
  Erolcha (D:10)
  A hill giant (D:10)
  Joseph (D:6)
  A black mamba (Lair:2)
  7 spiny frogs
  5 trolls
  A two-headed ogre (D:10)
  Grinder (D:3)
  2 basilisks
  A vampire (Volcano)
  11 yaks
  2 flying skulls (Volcano)
  Eustachio (D:6)
  A hippogriff (D:10)
  A wyvern (D:8)
  6 wolves
  4 porcupines
  A necrophage (D:9)
  3 phantoms
  2 ice beasts
  8 orc warriors
  2 eyes of draining
  3 water moccasins
  3 wandering mushrooms (D:8)
  A black bear (D:9)
  11 ogres
  12 crocodiles
  5 sky beasts
  A wasp (shapeshifter) (D:7)
  3 big kobolds
  Sigmund (D:6)
  15 giant frogs
  3 centaurs
  A water moccasin skeleton (D:8)
  9 killer bees
  A scorpion (D:8)
  4 electric eels
  4 crimson imps
  A giant frog skeleton (D:6)
  A goliath beetle (D:6)
  4 quasits
  Crazy Yiuf (D:7)
  9 hounds
  A jelly (D:8)
  2 centaur skeletons
  16 orc priests
  26 orc wizards
  Natasha (thrice) (D:3)
  7 iguanas
  7 worker ants
  7 sheep (Lair:1)
  Ijyb (D:3)
  3 mummies
  A worker ant zombie (D:4)
  47 river rats
  14 adders
  13 gnolls
  2 shadow imps
  A giant mite (D:7)
  5 worms
  3 adder skeletons
  An adder zombie (D:6)
  8 giant geckos
  134 orcs
  18 bats
  A bat skeleton (D:6)
  A bat zombie (D:8)
  6 giant cockroaches
  12 goblins
  18 hobgoblins
  14 jackals
  27 kobolds
  3 oozes
  8 quokkas
  A ball python (D:1)
  A giant gecko skeleton (D:4)
  A giant gecko zombie (D:5)
  8 giant newts
  2 giant spores
  2 gnoll zombies (D:2)
  18 rats
  8 ballistomycetes
  A plant (D:7)
610 creatures vanquished.

Vanquished Creatures (others)
  An ogre (Orc:3)
  A giant frog zombie (D:8)
  A gnoll (D:9)
  A river rat zombie (Lair:1)
  A giant spore (D:7)
  4 plants
9 creatures vanquished.

Grand Total: 619 creatures vanquished

Notes
Turn   | Place    | Note
--------------------------------------------------------------
     0 | D:1      | abixa, the Human Gladiator, began the quest for the Orb.
     0 | D:1      | Reached XP level 1. HP: 16/16 MP: 1/1
   345 | D:1      | Reached XP level 2. HP: 20/22 MP: 2/2
   643 | D:2      | You fall through a shaft!
   843 | D:2      | Reached skill level 4 in Staves
   843 | D:2      | Reached XP level 3. HP: 6/27 MP: 3/3
  1363 | D:2      | Reached XP level 4. HP: 30/33 MP: 4/4
  1827 | D:2      | Found a basalt altar of Yredelemnul.
  1913 | D:3      | Reached skill level 5 in Staves
  1919 | D:3      | Reached XP level 5. HP: 18/38 MP: 5/5
  2220 | D:3      | Found a deep blue altar of Sif Muna.
  2342 | D:3      | Noticed a moth of wrath
  2353 | D:3      | Reached skill level 6 in Staves
  2514 | D:3      | Noticed Ijyb
  2544 | D:3      | Killed Ijyb
  2544 | D:3      | Reached XP level 6. HP: 34/44 MP: 6/6
  2622 | D:3      | Noticed Natasha
  2629 | D:3      | Killed Natasha
  2661 | D:3      | Found a bloodstained altar of Trog.
  2717 | D:3      | Noticed a giant frog
  2734 | D:3      | Killed a giant frog
  2734 | D:3      | Reached skill level 1 in Armour
  2887 | D:3      | Noticed Natasha
  2896 | D:3      | Killed Natasha
  2926 | D:3      | Noticed Grinder
  3046 | D:4      | Reached XP level 7. HP: 21/51 MP: 7/7
  3243 | D:4      | Reached skill level 7 in Staves
  3901 | D:4      | Reached XP level 8. HP: 24/60 MP: 8/8
  4334 | D:5      | Entered Level 5 of the Dungeon
  4687 | D:5      | Noticed Prince Ribbit
  5088 | D:5      | Reached skill level 5 in Fighting
  5788 | D:5      | Reached skill level 5 in Armour
  6514 | D:3      | Killed Grinder
  6514 | D:3      | Reached XP level 9. HP: 57/69 MP: 9/9
  6584 | D:3      | Noticed Natasha
  6587 | D:3      | Killed Natasha
  6731 | D:6      | Noticed Sigmund
  6771 | D:6      | Killed Sigmund
  7087 | D:6      | Noticed Eustachio
  7121 | D:6      | Killed Eustachio
  7434 | D:6      | Got an ichor-stained war axe
  7575 | D:6      | Identified the +9 war axe "Xirchups" {chop, rElec rPois+ Int-5} (You found it on level 6 of the Dungeon)
  8082 | D:7      | Noticed Crazy Yiuf
  8092 | D:7      | Killed Crazy Yiuf
  8659 | D:7      | Reached skill level 8 in Fighting
  8980 | D:6      | Reached XP level 10. HP: 75/80 MP: 10/10
  9017 | D:7      | Found a staircase to the Ecumenical Temple.
  9025 | Temple   | Entered the Ecumenical Temple
  9183 | D:7      | Found a burning altar of Makhleb.
  9281 | D:7      | Noticed Joseph
  9558 | D:6      | Killed Joseph
  9778 | D:7      | Reached skill level 5 in Dodging
 10209 | D:8      | Found a blossoming altar of Fedhas.
 11143 | D:8      | Found a white marble altar of Elyvilon.
 11913 | D:8      | Noticed an obsidian statue
 12311 | D:9      | Found a sparkling altar of Nemelex Xobeh.
 12376 | D:9      | Reached XP level 11. HP: 87/87 MP: 11/11
 12496 | D:9      | Found a sacrificial altar of Ru.
 12868 | D:9      | Found a staircase to the Lair.
 13040 | D:9      | Found a shattered altar of Ashenzari.
 13047 | D:9      | Became a worshipper of Ashenzari the Shackled
 13389 | D:10     | Entered Level 10 of the Dungeon
 13400 | D:10     | Reached skill level 9 in Staves
 14255 | D:10     | Noticed a hill giant
 14266 | D:10     | Killed a hill giant
 14518 | D:10     | Noticed Erolcha
 14533 | D:10     | Killed Erolcha
 14809 | D:10     | Found a staircase to the Orcish Mines.
 14931 | Lair:1   | Entered Level 1 of the Lair of Beasts
 15250 | Lair:1   | Reached XP level 12. HP: 85/97 MP: 12/12
 15415 | Lair:1   | Reached skill level 10 in Fighting
 16080 | Lair:1   | Reached skill level 10 in Armour
 16227 | Lair:1   | Reached skill level 10 in Dodging
 16238 | Lair:1   | Acquired Ashenzari's first power
 16604 | Lair:2   | Noticed Harold
 16624 | Lair:2   | Killed Harold
 17634 | Lair:3   | Reached skill level 11 in Fighting
 17771 | Lair:3   | Noticed a death yak
 17771 | Lair:3   | Noticed a death yak
 17793 | Lair:3   | Noticed a death yak
 17795 | Lair:3   | Noticed a death yak
 17797 | Lair:3   | Noticed a death yak
 17806 | Lair:3   | Noticed a death yak
 17806 | Lair:3   | Noticed a death yak
 17808 | Lair:3   | Noticed a death yak
 17812 | Lair:3   | Noticed a death yak
 17886 | Lair:2   | Killed a death yak
 18348 | Orc:1    | Entered Level 1 of the Orcish Mines
 18449 | Orc:1    | Found Skuhaffa's General Store.
 18826 | Orc:1    | Found Bumosa's General Store.
 18872 | Orc:1    | Reached XP level 13. HP: 106/106 MP: 13/13
 19019 | Orc:1    | Found a roughly hewn altar of Beogh.
 19057 | Orc:1    | Found a roughly hewn altar of Beogh.
 19514 | Orc:3    | Found a staircase to the Elven Halls.
 19555 | Orc:3    | Found Qaeseaps' Armour Shop.
 19576 | Orc:3    | Found a dark tunnel.
 19583 | Volcano  | Entered a volcano
 20033 | Orc:3    | Found Striuh's Assorted Antiques.
 20045 | Orc:3    | Bought a scroll of identify for 70 gold pieces
 20082 | Orc:3    | Bought a +2 cloak of magic resistance for 322 gold pieces
 20285 | Orc:3    | Found Kathaug's Magic Scroll Shop.
 20285 | Orc:3    | Acquired Ashenzari's second power
 20506 | Orc:3    | Noticed Snorg
 20538 | Orc:3    | HP: 2/106 [Snorg (4)]
 20543 | Orc:3    | Slain by Snorg

Action                   |  1- 3 |  4- 6 |  7- 9 | 10-12 | 13-15 || total
-------------------------+-------+-------+-------+-------+-------++-------
Melee: Quarterstaff      |    83 |   216 |   485 |  1291 |   204 ||  2279
       War axe           |       |       |    55 |     2 |       ||    57
       Dagger            |       |       |     3 |       |       ||     3
 Fire: Hunting sling     |       |    16 |    32 |     9 |       ||    57
Throw: Javelin           |     3 |       |       |       |       ||     3
       Stone             |       |     1 |       |     1 |       ||     2
       Tomahawk          |       |       |       |     1 |     2 ||     3
       Throwing net      |       |       |       |       |     1 ||     1
Evoke: Wand              |       |       |     6 |    10 |     3 ||    19
  Use: Scroll            |       |       |     6 |    13 |     3 ||    22
       Potion            |       |       |       |       |     1 ||     1
 Stab: Confused          |       |       |     5 |     6 |       ||    11
       Petrified         |       |       |       |     8 |       ||     8
       Petrifying        |       |       |       |     5 |       ||     5
       Paralysed         |       |       |       |    14 |     1 ||    15
       Distracted        |       |       |       |       |     1 ||     1
  Eat: Chunk             |     1 |     6 |    25 |    35 |     4 ||    71
